 Dungeon Crawl Stone Soup version 0.31-a0-216-g22e908daa7 (webtiles) character file.

Game seed: 14972655604254033382

41 qw the Shooter (level 3, -4/29 HPs)
             Began as a Minotaur Hexslinger on July 2, 2023.
             Slain by an ogre
             ... wielding a +0 giant club
              (33 damage)
             ... on level 2 of the Dungeon.
             The game lasted 00:00:26 (1033 turns).

qw the Shooter (Minotaur Hexslinger)                Turns: 1033, Time: 00:00:26

Health: -4/29      AC:  5    Str: 12    XL:     3   Next: 32%
Magic:  3/3        EV: 11    Int: 10    God:
Gold:   60         SH:  0    Dex: 14    Spells: 3/4 levels left

rFire   . . .        Y - +1 sling (freeze)
rCold   . . .        (no shield)
rNeg    . . .        c - +0 ring mail
rPois   .            (helmet restricted)
rElec   .            (no cloak)
rCorr   .            (no gloves)
SInv    .            (no boots)
Will    .....        (no amulet)
Stlth   +            d - +4 ring of slaying {mikee}
HPRegen 0.24/turn    (no ring)
MPRegen 0.08/turn

%: no passive effects
@: no status effects
A: horns 2, retaliatory headbutt
a: no special abilities


You were on level 2 of the Dungeon.
You visited 1 branch of the dungeon, and saw 2 of its levels.

You collected 60 gold pieces.


Innate Abilities, Weirdness & Mutations

You have a pair of horns on your head.
You reflexively headbutt those who attack you in melee.


   Skills:
 - Level 2.0 Fighting
 + Level 3.9 Ranged Weapons
 - Level 2.1 Dodging
 - Level 1.0 Spellcasting
 - Level 2.0 Hexes


You had 3 spell levels left.
You knew the following spells:

 Your Spells              Type           Power      Damage    Failure   Level
a - Slow                  Hex            16%        N/A       34%         1

Your spell library contained the following spells:

 Spells                   Type           Power      Damage    Failure   Level
 Inner Flame              Hex/Fire       2%         N/A       83%         3
 Portal Projectile        Hex/Tloc       4%         N/A       83%         3
 Cause Fear               Hex            2%         N/A       98%         4

Inventory:

Hand Weapons
 Y - a +1 sling of freezing (weapon)
Armour
 b - a +0 pair of boots
 c - a +0 ring mail (worn)
Jewellery
 a - a ring of see invisible
 d - a +4 ring of slaying (left hand) {mikee}
Scrolls
 f - a scroll of identify {unknown}
Potions
 e - 2 potions of curing {unknown}

Dungeon Overview and Level Annotations

Branches:
Dungeon (2/15)

Altars:


Message History

You see here a +2 whip of flaming.
Enter note:
Enter note:
Enter note:
Enter note:
Enter note:
Enter note:
e - 2 murky inky potions (gained 1)
Found 5 stones.
f - a scroll labelled QIUNGE ELOICH
Enter note:
Enter note:
Enter note:
Enter note:
Enter note:
Enter note: An ogre comes into view. It is wielding a +0 giant club.
Found a scroll labelled FYRUYLUVIL.
Enter note:
Enter note:
Enter note:
Enter note:
Enter note:
Enter note: You shoot a sling bullet.
The sling bullet completely misses the ogre.
You shoot a sling bullet. The sling bullet hits the ogre!
The sling bullet freezes the ogre.
The ogre is heavily wounded.
You shoot a sling bullet.
The sling bullet closely misses the ogre.
You shoot a sling bullet. The sling bullet hits the ogre.
The sling bullet freezes the ogre.
The ogre is heavily wounded.
You shoot a sling bullet. The sling bullet hits the ogre.
The sling bullet freezes the ogre.
The ogre is almost dead.
The ogre hits you with a +0 giant club!!
Ouch! That really hurt!
You die...

## #####....#
##.#.#.
...###.)......#
#.#...
......:...#.###
#<##..
#.......#.#.#
#.###.
#.#...#.#.#.#
#.# #[ #
#(#.#.#.#.# #..
#. #.#.#.#.#..
... #.
#.#..?#.#.#..
..########
#....(.@#.#..
>...%...##
........O.#
.######..#
.....#.......
##..
....#####......
######. ####
...... .......
...... #######
..... .....


You could see an ogre.

Vanquished Creatures
  2 dart slugs
  5 ball pythons (D:1)
  An endoplasm (D:1)
  3 giant cockroaches
  A goblin (D:1)
  8 jackals
  A quokka (D:1)
  4 bats
  3 frilled lizards
  3 kobolds (D:1)
  3 rats (D:1)
34 creatures vanquished.

Notes
Turn   | Place    | Note
-------+----------+-------------------------------------------
     0 | D:1      | qw the Minotaur Hexslinger began the quest for the Orb.
     0 | D:1      | Reached XP level 1. HP: 16/16 MP: 1/1
     0 | D:1      | 0 ||| qw: Version: 0.3-a-35-g05ef00e
     0 | D:1      | 0 ||| qw: Game counter: 7799
     0 | D:1      | 0 ||| qw: Melee chars always use a shield: true
     0 | D:1      | 0 ||| qw: God list: Okawaru
     0 | D:1      | 0 ||| qw: Allow faded altars: false
     0 | D:1      | 0 ||| qw: Do Orc after clearing Dungeon:15 true
     0 | D:1      | 0 ||| qw: Do second Lair branch before Depths: true
     0 | D:1      | 0 ||| qw: Lair rune preference: random
     0 | D:1      | 0 ||| qw: Goals: Normal
     0 | D:1      | 0 ||| PLANNING D:1-11
    37 | D:1      | Found a faded altar of an unknown god.
   170 | D:1      | 170 ||| DROPPING ring of magical power.
   171 | D:1      | 171 ||| READING scroll labelled UXTIOWE SIGEO.
   172 | D:1      | 172 ||| Stepping ~*~*~tactically~*~*~ (water).
   202 | D:1      | Reached skill level 3 in Ranged Weapons
   202 | D:1      | Reached XP level 2. HP: 23/23 MP: 2/2
   310 | D:1      | 310 ||| UPGRADING to +0 leather armour.
   321 | D:1      | 321 ||| DROPPING +0 robe.
   323 | D:1      | 323 ||| READING scroll labelled UKUNNO IRROFO.
   324 | D:1      | 324 ||| Stepping ~*~*~tactically~*~*~ (water).
   385 | D:1      | 385 ||| DROPPING scroll of poison.
   390 | D:1      | 390 ||| Stepping ~*~*~tactically~*~*~ (water).
   477 | D:1      | 477 ||| UPGRADING to +0 ring mail.
   491 | D:1      | 491 ||| DROPPING +0 leather armour.
   560 | D:1      | 560 ||| UPGRADING to +4 ring of slaying {mikee}.
   561 | D:1      | 561 ||| READING scroll labelled DOUNUIN CIDUHO.
   583 | D:1      | Reached XP level 3. HP: 29/29 MP: 3/3
  1028 | D:2      | Noticed an ogre
  1033 | D:2      | Slain by an ogre

Levels and vault maps discovered:
D:1:      minmay_arrival_diagonal_passages, layout_basic,
          shapermc_ecumenical_altar_flowoftime, serial_bayou,
          serial_bayou_shore_b, serial_bayou_lagoon_a, serial_bayou_lake_a,
          serial_bayou_shore_a, serial_bayou_shore_b, serial_bayou_ford_a
D:2:      layout_rooms, minmay_misc_feat_more_columns, item_on_display_a

Skill      XL: |  1  2 |
---------------+-------+-----
Ranged Weapons | 3 |  3.9
Fighting       | 2 |  2.0
Dodging        | |  2.1
Spellcasting   | |  1.0
Hexes          | |  2.0

Action                     || total
---------------------------++-------
   Fire: Sling             ||    77
    Use: Scroll            ||     3
 Armour: Robe              ||     1
         Leather armour    ||     9
  Dodge: Dodged            ||    23

Table legend:
 A = Non-vault XP
 B = Vault XP
 C = Vault XP percentage of total XP
 D = Non-vault monster count
 E = Vault monster count
 F = Vault count percentage of total count
                 A         B        C        D         E       F
            +---------+---------+-------+---------+---------+-------
      Total |      59 |       0 |   0.0 |      34 |       0 |   0.0
            +---------+---------+-------+---------+---------+-------
        D:1 |      45 |       0 |   0.0 |      27 |       0 |   0.0
        D:2 |      14 |       0 |   0.0 |       7 |       0 |   0.0
            +---------+---------+-------+---------+---------+-------
